 Dungeon Crawl Stone Soup version 0.22.0-75-g3901e79 (webtiles) character file.

189 whitewolfNL the Skirmisher (level 5, 0/55 HPs)
             Began as an Ogre Berserker on Sept 13, 2018.
             Was a Believer of Trog.
             Slain by a gnoll
             ... wielding a +0 spear
              (5 damage)
             ... on level 4 of the Dungeon.
             The game lasted 00:25:47 (3876 turns).

whitewolfNL the Skirmisher (Ogre Berserker)         Turns: 3876, Time: 00:25:48

Health: 0/55       AC:  3    Str: 21    XL:     5   Next: 68%
Magic:  5/5        EV:  8    Int: 10    God:    Trog [**....]
Gold:   164        SH:  7    Dex:  9    Spells: 4/4 levels left

rFire    . . .     SeeInvis .   i - +0 whip (elec)
rCold    . . .     Gourm    .   e - +0 shield
rNeg     . . .     Faith    .   s - +0 robe
rPois    .         Spirit   .   (helmet restricted)
rElec    .         Reflect  .   (no cloak)
rCorr    .         Harm     .   (gloves unavailable)
MR       .....                  (boots unavailable)
Stlth    +.........             (no amulet)
HPRegen  0.18/turn              r - +2 ring of intelligence
MPRegen  0.09/turn              (no ring)

@: no status effects
A: large, unfitting armour, tough skin 1
a: Berserk, Trog's Hand, Renounce Religion


You were on level 4 of the Dungeon.
You worshipped Trog.
Trog was pleased with you.
You were not hungry.

You visited 1 branch of the dungeon, and saw 4 of its levels.

You collected 164 gold pieces.

Inventory:

Hand Weapons
 d - a +0 hunting sling
 f - a +0 spear
 i - a +0 whip of electrocution (weapon)
 w - a +0 flail
Missiles
 h - 102 arrows
 j - 4 bolts
 m - 145 stones (quivered)
Armour
 e - a +0 shield (worn)
 s - a +0 robe (worn)
 u - a +0 chain mail
Jewellery
 r - a +2 ring of intelligence (left hand)
Scrolls
 a - a scroll of remove curse {unknown}
 l - 3 scrolls of identify {unknown}
 n - 2 scrolls of teleportation {unknown}
 p - a scroll of fear {unknown}
 t - a scroll of blinking {unknown}
 v - a scroll of enchant weapon {unknown}
Potions
 g - 2 potions of curing {unknown}
 k - a potion of haste {unknown}
 o - a potion of ambrosia {unknown}
 q - a potion of magic {unknown}
Comestibles
 b - 9 chunks of flesh
 c - 5 rations


   Skills:
 * Level 4.9 Fighting
 + Level 3.3 Maces & Flails
 - Level 1.1 Polearms
 + Level 3.7 Dodging
 * Level 1.3 Stealth
 + Level 1.5 Shields


You had 4 spell levels left.
You didn't know any spells.
Your spell library was empty.

Dungeon Overview and Level Annotations

Branches:
Dungeon (4/15)
 Temple: D:4-7

Altars:
Gozag


Innate Abilities, Weirdness & Mutations

You are too large for most types of armour.
You have tough skin. (AC +1)


Message History

* * * LOW HITPOINT WARNING * * *
The gnoll barely misses you.
The gnoll hits you from afar with a spear.
* * * LOW HITPOINT WARNING * * *
A gnoll comes into view. It is wielding a spear.
You hear the slow hiss of a distant avalanche of sand.
The gnoll hits you from afar with a spear.
* * * LOW HITPOINT WARNING * * *
You block the gnoll's attack. You block the gnoll's attack.
The gnoll hits you from afar with a spear.
* * * LOW HITPOINT WARNING * * *
The gnoll completely misses you.
The gnoll hits you from afar with a spear.
* * * LOW HITPOINT WARNING * * *
The gnoll hits you but does no damage.
The gnoll hits you from afar with a spear.
* * * LOW HITPOINT WARNING * * *
The gnoll hits you from afar with a spear.
You die...

#g############..#.########
#.#.....gg......#.##.....# #
#g#.###########.#.##.....##..
#g#.# #....................
#####.#g# #.#...#.#.##..%..###.
#.......####...............<.....
#......................÷#########
#.......#########.g....)#
....÷...........@.gg....#
#.......#########.g.....#
#.......# #........# #######.#
#......>.# #.# #......### ...
#......# ###. #......# ..
#......# ########


You could see 4 gnolls.

Vanquished Creatures
  A bullfrog skeleton (D:3)
  The ghost of ichi404 the Cudgeler, a weakling HuWn (D:3)
  4 gnolls (D:4)
  3 adders
  An adder zombie (D:3)
  A worm (D:2)
  A dart slug (D:2)
  7 leopard geckos
  A ball python (D:1)
  2 giant cockroaches (D:3)
  5 goblins
  8 hobgoblins
  5 jackals (D:2)
  8 kobolds
  A ball python skeleton (D:3)
  10 bats
  4 frilled lizards
  A leopard gecko skeleton (D:3)
  4 rats
68 creatures vanquished.

Notes
Turn   | Place    | Note
-------+----------+-------------------------------------------
     0 | D:1      | whitewolfNL the Ogre Berserker began the quest for the Orb.
     0 | D:1      | Reached XP level 1. HP: 24/24 MP: 1/1
   190 | D:1      | Reached XP level 2. HP: 18/32 MP: 2/2
  1089 | D:2      | Reached XP level 3. HP: 37/40 MP: 3/3
  1272 | D:2      | Found an opulent altar of Gozag.
  1597 | D:2      | Reached skill level 1 in Polearms
  1888 | D:2      | Reached skill level 1 in Shields
  2016 | D:2      | Reached XP level 4. HP: 34/49 MP: 4/4
  2288 | D:2      | Reached ** piety under Trog
  2614 | D:3      | Found a transporter.
  2808 | D:3      | Reached skill level 1 in Stealth
  2873 | D:3      | Found a transporter.
  2873 | D:3      | Noticed ichi404's ghost (weakling HuWn)
  3543 | D:3      | Killed ichi404's ghost
  3543 | D:3      | Reached XP level 5. HP: 55/55 MP: 5/5
  3876 | D:4      | Slain by a gnoll

Skill      XL: |  1  2  3  4 |
---------------+-------------+-----
Dodging        | 3 |  3.7
Polearms       | 1 |  1.1
Shields        | 1 |  1.5
Stealth        | 1 |  1.3
Maces & Flails | 3 |  3.3
Fighting       | |  4.9

Action                   |  1- 3 |  4- 6 || total
-------------------------+-------+-------++-------
Melee: Mace              |    62 |       ||    62
       Spear             |   106 |       ||   106
       Whip              |       |    98 ||    98
Invok: Berserk           |       |     1 ||     1
  Eat: Chunk             |     4 |     5 ||     9
       Ration            |       |     1 ||     1
Armor: Animal skin       |    80 |       ||    80
       Robe              |    24 |    21 ||    45
Dodge: Dodged            |    80 |    33 ||   113
Block: Shield            |    77 |    39 ||   116
